 Dungeon Crawl Stone Soup version 0.17-a0-737-gf0a300a (webtiles) character file.

904 Ngotmuk the Skirmisher (level 7, 0/67 HPs)
             Began as a Deep Dwarf Fighter on Apr 28, 2015.
             Was an Initiate of Ru.
             Slain by a hobgoblin
             ... wielding a +0 club
              (1 damage)
             ... on level 5 of the Dungeon.
             The game lasted 00:10:04 (3278 turns).

Ngotmuk the Skirmisher (Deep Dwarf Fighter)         Turns: 3278, Time: 00:10:05

Health: 0/67       AC: 10    Str: 27    XL:     7   Next: 80%
Magic:  7/7        EV:  6    Int:  8    God:    Ru [......]
Gold:   204        SH: 10    Dex: 12    Spells: 0 memorised, 6 levels left

rFire  . . .     SeeInvis .     a - +0 war axe
rCold  . . .     Clarity  .     k - +0 plate armour
rNeg   . . .     SustAb   .     c - +0 shield (curse)
rPois  .         Gourm    .     q - +0 helmet
rElec  .         Spirit   .     u - +1 cloak
rCorr  .         Warding  .     (no gloves)
rMut   .         Stasis   .     (no boots)
MR     +....                    (no amulet)
Stlth  ..........               (no ring)
                                b - ring of wizardry

@: mighty, marked, corroded equipment, non-regenerating, somewhat resistant to
hostile enchantments, extremely unstealthy
A: damage resistance, recharge devices, sense surroundings 1, slow healing 3
a: Device Recharging, Renounce Religion


You were on level 5 of the Dungeon.
You worshipped Ru.
Ru was noncommittal.
You were not hungry.

You visited 1 branch of the dungeon, and saw 5 of its levels.

You collected 204 gold pieces.

Inventory:

Hand weapons
 a - a +0 war axe (weapon)
Armour
 c - a cursed +0 shield (worn)
 k - a +0 plate armour (worn)
 q - a +0 helmet (worn)
 u - a +1 cloak (worn)
Jewellery
 b - a ring of wizardry (left hand)
 y - an uncursed ring of ice
Magical devices
 e - a wand of heal wounds (0)
 j - a wand of slowing (16)
 B - a wand of slowing (0)
 C - a wand of slowing (22)
Scrolls
 g - 3 scrolls of blinking
 h - a scroll of fog
 i - 2 scrolls of magic mapping
 m - 4 scrolls of remove curse
 r - a scroll of amnesia
 t - 2 scrolls of enchant armour
 A - a scroll of teleportation
Potions
 d - a potion of might
 f - a potion of mutation {unknown}
 n - 3 potions of haste {unknown}
 p - a potion of flight {unknown}
 s - 2 potions of heal wounds {unknown}
 w - a potion of brilliance {unknown}
 x - 2 potions of curing {unknown}
Comestibles
 l - 5 meat rations
 z - a bread ration


   Skills:
 * Level 5.2 Fighting
 * Level 5.2 Axes
 + Level 5.1 Armour
 + Level 3.5 Dodging
 + Level 4.8 Shields


You had 6 spell levels left.
You didn't know any spells.

Dungeon Overview and Level Annotations

Branches:
Dungeon (5/15)
 Temple: D:4-7

Altars:
Ashenzari
Cheibriados
Makhleb
Nemelex Xobeh
Ru
Sif Muna
Vehumet
Xom


Innate Abilities, Weirdness & Mutations

You are resistant to damage.
You can recharge devices by infusing magical energy.
You passively map a small area around you.
You do not heal naturally.


Message History

The jelly hits you.
You are splashed with acid!
The acid burns!
* * * LOW HITPOINT WARNING * * *
The worker ant zombie bites you but does no damage.
The worker ant zombie bites you. The jelly hits you but does no damage.
The centaur barely misses you.
You hear a slurping noise.
The jelly splits in two!
The jelly hits you but does no damage.
You hit the jelly.
The jelly is heavily wounded.
You hit the worker ant zombie.
You destroy the worker ant zombie!
You slash the centaur!
You kill the centaur!
You hit the worker ant zombie.
You destroy the worker ant zombie!
You closely miss the hobgoblin. You slash the jelly!
The jelly is heavily wounded.
The bat skeleton barely misses you. You block the jelly's attack.
The hobgoblin hits you with a club.
You die...

, ........ , ###...###.......
........# ###.#####.###.....
.........#####....#.#....###..#
.........##......##.##.......##
.........##......#...#.......#
.................##...##......#
<....>...)#......#.....#......##
..........#....).#.....#...)...#
.........(#.Sg@##...[.........#
##..........JJJZ...............
####....########..............
#....# #....<......#.# #....#
##..[###<##.#.# ####.# #..###
#.# .# #.# #...# #.# .# * #..
#.#.# #.. , # * . .* ##.


You could see 3 jellies, a hobgoblin, a ball python and a bat skeleton.

Vanquished Creatures
  Duvessa (D:4)
  3 centaurs (D:5)
  Dowan (D:4)
  A hound (D:5)
  2 orc priests (D:4)
  An orc wizard (D:3)
  A worker ant (D:4)
  Natasha (twice) (D:3)
  An iguana (D:4)
  A mummy (D:4)
  2 worker ant zombies (D:5)
  Robin (D:2)
  7 adders
  4 gnolls
  6 oozes
  An adder zombie (D:3)
  A worm (D:2)
  11 orcs
  13 bats
  A bat zombie (D:5)
  3 giant cockroaches
  20 goblins
  11 hobgoblins
  7 jackals (D:3)
  2 quokkas (D:3)
  5 giant newts
  A hobgoblin zombie (D:4)
  9 kobolds
  2 kobold zombies (D:4)
  An orc zombie (D:4)
  15 rats
137 creatures vanquished.

Notes
Turn   | Place    | Note
--------------------------------------------------------------
     0 | D:1      | Ngotmuk, the Deep Dwarf Fighter, began the quest for the Orb.
     0 | D:1      | Reached XP level 1. HP: 20/20 MP: 1/1
    43 | D:1      | Reached XP level 2. HP: 24/28 MP: 2/2
   177 | D:1      | Reached XP level 3. HP: 23/34 MP: 3/3
   434 | D:1      | HP: 1/34 [kobold/short sword (1)]
   761 | D:2      | Reached XP level 4. HP: 27/42 MP: 4/4
   847 | D:2      | Noticed Robin
   874 | D:2      | Reached skill level 1 in Dodging
   876 | D:2      | Killed Robin
   928 | D:2      | Reached skill level 4 in Armour
   933 | D:2      | Found a burning altar of Makhleb.
  1131 | D:2      | Found a shimmering altar of Xom.
  1320 | D:2      | Found a deep blue altar of Sif Muna.
  1605 | D:3      | Reached XP level 5. HP: 24/49 MP: 5/5
  1655 | D:3      | Noticed Natasha
  1673 | D:3      | Killed Natasha
  1914 | D:3      | Found a radiant altar of Vehumet.
  2134 | D:3      | Noticed Natasha
  2145 | D:3      | Killed Natasha
  2161 | D:3      | Found a sparkling altar of Nemelex Xobeh.
  2334 | D:4      | Reached XP level 6. HP: 37/57 MP: 6/6
  2374 | D:4      | Found a sacrificial altar of Ru.
  2378 | D:4      | Became a worshipper of Ru the Awakened
  2750 | D:4      | You fall through a shaft!
  2750 | D:5      | Entered Level 5 of the Dungeon
  2757 | D:5      | Found a shattered altar of Ashenzari.
  2984 | D:4      | Found a snail-covered altar of Cheibriados.
  2984 | D:4      | Noticed Duvessa
  2985 | D:4      | Noticed Dowan
  3000 | D:4      | Killed Duvessa
  3055 | D:4      | Killed Dowan
  3055 | D:4      | Reached XP level 7. HP: 19/66 MP: 7/7
  3275 | D:5      | Reached skill level 5 in Fighting
  3275 | D:5      | Reached skill level 5 in Axes
  3275 | D:5      | Reached skill level 5 in Armour
  3277 | D:5      | HP: 1/67 [acid (8)]
  3278 | D:5      | Slain by a hobgoblin

Action                   |  1- 3 |  4- 6 |  7- 9 || total
-------------------------+-------+-------+-------++-------
Melee: War axe           |   131 |   353 |    25 ||   509
Evoke: Wand              |     1 |     3 |     1 ||     5
  Use: Scroll            |       |       |     8 ||     8
       Potion            |       |       |     1 ||     1
  Eat: Bread ration      |       |     2 |       ||     2
       Beef jerky        |       |     1 |       ||     1
